 Dungeon Crawl Stone Soup version 0.18.1-8-gdd0e5ea (webtiles) character file.

623 shmeve the Shield-Bearer (level 7, 0/44 HPs)
             Began as a Gargoyle Fighter on May 22, 2016.
             Slain by an ogre
             ... wielding a +0 giant club
              (15 damage)
             ... on level 4 of the Dungeon on May 23, 2016.
             The game lasted 00:07:38 (3400 turns).

shmeve the Shield-Bearer (Gargoyle Fighter)         Turns: 3400, Time: 00:07:39

Health: 0/44       AC: 12    Str: 21    XL:     7   Next: 46%
Magic:  7/7        EV:  6    Int:  9    God:
Gold:   186        SH: 15    Dex:  9    Spells: 0 memorised, 6 levels left

rFire  . . .     SeeInvis .     a - +0 war axe
rCold  . . .     Gourm    .     b - +0 scale mail
rNeg   + + .     Faith    .     r - +0 large shield (curse)
rPois  ∞         Spirit   .     (no helmet)
rElec  +         Dismiss  .     (no cloak)
rCorr  +         Reflect  .     (no gloves)
SustAt .         Harm     .     (no boots)
MR     .....                    (no amulet)
Stlth  ..........               n - ring of resist corrosion
                                d - ring of positive energy

@: not resistant to hostile enchantments, extremely unstealthy
A: negative energy resistance 1, electricity resistance, unbreathing,
petrification resistance, rot immunity, AC +4
a: no special abilities


You were on level 4 of the Dungeon.
You were not hungry.

You visited 1 branch of the dungeon, and saw 4 of its levels.

You collected 186 gold pieces.

Inventory:

Hand Weapons
 a - a +0 war axe (weapon)
Armour
 b - a +0 scale mail (worn)
 r - a cursed +0 large shield (worn)
Jewellery
 d - a ring of positive energy (left hand)
 n - a ring of resist corrosion (right hand)
Scrolls
 g - a scroll of magic mapping {unknown}
 h - 2 scrolls of remove curse {unknown}
 l - 2 scrolls of recharging {unknown}
 o - 2 scrolls of identify {unknown}
Potions
 c - a potion of lignification {unknown}
 e - a potion of agility {unknown}
 i - 2 potions of degeneration {unknown}
 j - 4 potions of curing {unknown}
 k - 2 potions of heal wounds {unknown}
 m - a potion of cure mutation {unknown}
 p - 2 potions of might
Comestibles
 f - 3 bread rations
 q - 4 chunks of flesh
 s - a slice of pizza


   Skills:
 * Level 5.2 Fighting
 * Level 3.8 Axes
 + Level 4.5 Armour
 + Level 1.9 Dodging
 * Level 5.5 Shields


You had 6 spell levels left.
You didn't know any spells.

Dungeon Overview and Level Annotations

Branches:
Dungeon (4/15)
 Temple: D:4-7

Altars:
Cheibriados
Ru


Innate Abilities, Weirdness & Mutations

You are resistant to torment.
Your stone body is resilient (AC +4).
You are immune to poison.
You resist negative energy.
You are resistant to electric shocks.
You can survive without breathing.
You are immune to petrification.
You are immune to rotting.


Message History

You closely miss the hound.
The hound is moderately wounded.
You block the hound's attack. The hound barely misses you. x2
You slash the hound!
The hound is severely wounded.
You block the hound's attack. The ogre hits you with a giant club!
The hound barely misses you.
You miss the hound.
The hound is severely wounded.
You slash the ogre!
The ogre is moderately wounded.
The hound barely misses you. The ogre hits you with a giant club!
You block the hound's attack.
An adder comes into view.
You slash the ogre!
The ogre is severely wounded.
You closely miss the hound.
The hound is severely wounded.
You block the hound's attack. The ogre hits you with a giant club!
You die...

#.......##.#....[##.##..
#.......'..#...<.##.##..
###.....####...#.#...#..
#.#+#..........#...#..
###.#.#.####...###...#.#
#.....#.# ##...........#
#.....#.................
#.....######.....#......
#......@...#.....#......
#...)..hO#.#.....#......
#....S###........#......
#####.# ..####.####....
#.# ..# #.# #.... #.# .#
#. #.... #.# . #.### #.#
.# #.# #.# #.#


You could see an ogre, a hound and an adder.

Vanquished Creatures
  Menkaure (D:4)
  A phantom (D:4)
  2 ogres (D:4)
  An orc wizard (D:3)
  Jessica (D:2)
  A giant frog skeleton (D:4)
  Terence (D:2)
  A worker ant (D:4)
  4 adders
  2 oozes (D:2)
  4 worms (D:2)
  2 dart slugs
  3 giant geckos
  2 orcs (D:3)
  5 giant cockroaches
  5 goblins
  4 hobgoblins
  4 jackals (D:1)
  A quokka (D:3)
  3 ball pythons
  12 bats
  4 giant newts
  5 kobolds
  A quokka skeleton (D:4)
  7 rats
77 creatures vanquished.

Notes
Turn   | Place    | Note
--------------------------------------------------------------
     0 | D:1      | shmeve the Gargoyle Fighter began the quest for the Orb.
     0 | D:1      | Reached XP level 1. HP: 14/14 MP: 1/1
   160 | D:1      | Reached XP level 2. HP: 19/19 MP: 2/2
   569 | D:1      | Reached XP level 3. HP: 21/23 MP: 3/3
  1057 | D:2      | Noticed Jessica
  1057 | D:2      | Noticed Terence
  1063 | D:2      | Killed Jessica
  1063 | D:2      | Reached XP level 4. HP: 29/29 MP: 4/4
  1066 | D:2      | Killed Terence
  1066 | D:2      | Reached skill level 1 in Dodging
  1243 | D:2      | Reached XP level 5. HP: 26/33 MP: 5/5
  1494 | D:2      | Found a sacrificial altar of Ru.
  2281 | D:3      | Found a snail-covered altar of Cheibriados.
  2443 | D:4      | Noticed Menkaure
  2452 | D:4      | Killed Menkaure
  2452 | D:4      | Reached skill level 5 in Shields
  2452 | D:4      | Reached XP level 6. HP: 7/39 MP: 6/6
  2836 | D:4      | Reached XP level 7. HP: 44/44 MP: 7/7
  2950 | D:4      | Reached skill level 5 in Fighting
  3400 | D:4      | Slain by an ogre

Skill      XL: |  1  2  3  4  5  6  7 |
---------------+----------------------+-----
Axes           | 2 3 |  3.8
Shields        | 4 5 |  5.5
Dodging        | 1 |  1.9
Fighting       | 4 5 |  5.2
Armour         | 4 |  4.5

Action                   |  1- 3 |  4- 6 |  7- 9 || total
-------------------------+-------+-------+-------++-------
Melee: War axe           |   107 |   157 |    31 ||   295
  Use: Potion            |       |     1 |       ||     1
  Eat: Chunk             |       |     7 |     2 ||     9
Armor: Scale mail        |   107 |   118 |     6 ||   231
Dodge: Dodged            |    56 |    70 |     9 ||   135
Block: Shield            |    99 |    70 |       ||   169
       Large shield      |       |    62 |    26 ||    88
